 Dungeon Crawl Stone Soup version 0.27.1-33-g824d729ab1 (webtiles) character file.

Game seed: 1075379874935318279

15108 Grabarz the Fighter (level 12, 0/115 HPs)
             Began as a Hill Orc Berserker on Dec 10, 2021.
             Was a High Priest of Trog.
             Succumbed to a cane toad's poison
             ... on level 2 of the Lair of Beasts.
             The game lasted 01:40:14 (15327 turns).

Grabarz the Fighter (Hill Orc Berserker)           Turns: 15327, Time: 01:40:15

Health: 0/115      AC: 14    Str: 25    XL:     12   Next: 23%
Magic:  12/12      EV: 15    Int:  7    God:    Trog [*****.]
Gold:   781        SH:  0    Dex: 10    Spells: 11/11 levels left

rFire    . . .     SeeInvis .   w - +3 great sword (vorpal)
rCold    . . .     Faith    .   (shield currently unavailable)
rNeg     . . .     Spirit   .   q - +0 acid dragon scales
rPois    .         Reflect  .   (no helmet)
rElec    .         Harm     .   r - +0 cloak
rCorr    +         Rampage  .   o - +0 pair of gloves
Will     +....                  e - +0 pair of boots
Stlth    +.........             N - amulet of the acrobat
HPRegen  0.29/turn              D - +4 ring of evasion
MPRegen  0.13/turn              y - ring of willpower

@: lethally poisoned (0 -> -19), on berserk cooldown
A: no striking features
a: Renounce Religion, Berserk, Trog's Hand, Brothers in Arms


You were on level 2 of the Lair of Beasts.
You worshipped Trog.
Trog was extremely pleased with you.
You visited 3 branches of the dungeon, and saw 14 of its levels.
You also visited: Sewer.

You collected 781 gold pieces.

Inventory:

Hand Weapons
 w - a +3 vorpal great sword (weapon)
 P - the +10 dagger of the Demagogue {distort, *Slow rPois rC+ MP+9}
   (You took it off a kobold demonologist on level 11 of the Dungeon)

   It warps and distorts space around it, and may blink, banish, or inflict
   extra damage upon those it strikes.
   Unwielding it can cause banishment or high damage.
   rC:        It protects you from cold.
   rPois:     It protects you from poison.
   MP:        It affects your magic capacity (+9).
   *Slow:     It may slow you when you take damage.
Missiles
 j - 3 throwing nets
Armour
 c - a +3 chain mail
 e - a +0 pair of boots (worn)
 l - the +1 robe of Sloth {rN+ Regen+ Int+2}
   (You found it on level 7 of the Dungeon)

   Int:       It affects your intelligence (+2).
   rN:        It protects you from negative energy.
   Regen:     It increases your rate of health regeneration.
 o - a +0 pair of gloves (worn)
 q - +0 acid dragon scales (worn)
 r - a +0 cloak (worn)
Jewellery
 g - a ring of ice
 y - a ring of willpower (right hand)
 D - a +4 ring of evasion (left hand)
 N - an amulet of the acrobat (around neck)
Wands
 a - a wand of charming (10)
 m - a wand of iceblast (18)
 C - a wand of flame (9)
 E - a wand of mindburst (9)
 L - a wand of acid (30)
Scrolls
 b - a scroll of silence
 k - 2 scrolls of brand weapon
 n - a scroll of magic mapping
 p - 5 scrolls of enchant armour
 u - a scroll of summoning
 v - 2 scrolls of enchant weapon
 A - 6 scrolls of teleportation
 B - 11 scrolls of identify
 J - a scroll of immolation
 K - 2 scrolls of fear
 M - a scroll of acquirement
 O - a scroll of fog
Potions
 d - a potion of flight
 i - 5 potions of curing
 s - 4 potions of haste
 t - 2 potions of heal wounds
 x - 2 potions of magic
 G - 3 potions of might
 H - a potion of cancellation
Miscellaneous
 z - a piece from Xom's chessboard (15/15)


   Skills:
 + Level 13.0 Fighting
 + Level 12.6 Long Blades
 + Level 12.7 Armour
 - Level 1.5 Dodging


You had 11 spell levels left.
You didn't know any spells.
Your spell library was empty.

Dungeon Overview and Level Annotations

Branches:
Dungeon (11/15)            Temple (1/1) D:7            Lair (2/6) D:11
  Sewer (visited)
  Swamp: Lair:2-4    Shoals: Lair:2-4     Snake: Lair:2-4    Spider: Lair:2-4
    Orc: D:9-12

Altars:
Ashenzari
Cheibriados
Dithmenos
Elyvilon
Fedhas
Gozag
Hepliaklqana
Kikubaaqudgha
Makhleb
Nemelex Xobeh
Okawaru
Qazlal
Ru
Sif Muna
Trog
Uskayaw
Vehumet
Wu Jian
Xom
Yredelemnul
Zin
The Shining One
Lugonu

Shops:
D:4 *   D:7 [   D:8 *   D:9 *

Portals:
Abyss: D:11
Trove: D:10 (give 7 potions of haste)


Message History

You closely miss the cane toad.
The cane toad is heavily wounded.
You feel extremely sick. The cane toad misses you.
The cane toad closely misses you.
You barely miss the cane toad.
The cane toad is heavily wounded.
You feel very sick.
A wolf comes into view.
The cane toad stings you!
You are more poisoned.
The cane toad poisons you! The cane toad misses you.
The wolf moves out of view.
You slash the cane toad!
The cane toad is almost dead.
You feel extremely sick.
The wolf stops to sniff the ground.
The cane toad misses you.
You riposte.
You barely miss the cane toad.
The cane toad is almost dead.
The cane toad stings you!
* * * LOW HITPOINT WARNING * * *
You are lethally poisoned!
The cane toad poisons you!
The wolf stops to sniff the ground.
As you read the scroll of teleportation, it crumbles to dust.
You feel strangely unstable.
* * * LOW HITPOINT WARNING * * *
You feel extremely sick. The cane toad completely misses you.
The cane toad stings you!
* * * LOW HITPOINT WARNING * * *
You feel strangely stable.
Your magical effects are unravelling.
You feel magically purged.
You feel yourself speed up.
* * * LOW HITPOINT WARNING * * *
You feel extremely sick. The cane toad completely misses you.
Blink to where?
Press: ? - help, Dir - move target
As you read the scroll of blinking, it crumbles to dust.
You die...

......#####..........# #...h.F♣
#.##.## #.........## #......♣
.##### ##.###.#+#.######F# ..
##### ### ##..####P##.##.#...
###.## #.###..#.#.#..#†......♣
.....# ##.##.+#.##...§Fh......#
....## #........###...#h......#
.....#####........'....##.......#
....+..P........@..#.####........
....#.............#### #........
.....##P.P........# #........
.....###.#........# #........
....####.#........# .......
.[..P##..'........#
....###.##........#
.....#####........# ....##
##########


There were no monsters in sight!

Vanquished Creatures
  Erolcha (D:9)
  2 two-headed ogres
  2 ugly things (D:11)
  A black mamba (Lair:1)
  3 gargoyles
  A cane toad (Lair:1)
  A kobold demonologist (D:11)
  2 komodo dragons (Lair:1)
  A troll (D:11)
  A hornet (D:9)
  5 blink frogs (Lair:1)
  2 wraiths
  12 yaks
  A wyvern (Lair:1)
  2 basilisks
  A vampire mosquito (D:6)
  A steam dragon (D:8)
  Menkaure (D:7)
  3 water moccasins
  An acid dragon (D:11)
  A hornet zombie (D:8)
  2 orc warriors
  A sky beast (D:5)
  2 black bears
  A necrophage (D:6)
  2 ice beasts
  2 ogres (D:5)
  3 wolves
  4 centaurs
  A kobold brigand (D:8)
  7 bullfrogs
  2 gnoll sergeants
  2 scorpions
  A wyvern zombie (D:7)
  2 water moccasin zombies (D:5)
  12 killer bees
  A bullfrog zombie (D:6)
  5 centaur zombies
  2 jellies
  7 hounds
  A gnoll shaman (D:5)
  2 orc priests (D:10)
  Crazy Yiuf (D:3)
  A bullfrog skeleton (D:7)
  Ijyb (D:3)
  5 orc wizards
  Natasha (thrice) (D:3)
  3 iguanas
  2 hound skeletons
  5 howler monkey zombies
  10 gnolls
  11 adders
  4 river rats (Sewer)
  2 white imps
  4 worms
  3 dart slugs
  14 orcs
  16 ball pythons
  7 bats
  11 endoplasms
  10 giant cockroaches
  2 goblins
  5 hobgoblins
  10 jackals
  3 kobolds
  5 quokkas
  8 frilled lizards
  28 rats
281 creatures vanquished.

Vanquished Creatures (collateral kills)
  A hydra (Lair:1)
  2 ugly things (D:11)
  A gargoyle (D:10)
  A kobold demonologist (D:11)
  A wyvern (D:8)
  Grum (D:10)
  2 wolves (D:10)
  2 kobold brigands (D:11)
  2 gnolls (D:8)
13 creatures vanquished.

Vanquished Creatures (others)
  19 fungi
  8 plants
  3 toadstools (D:7)
30 creatures vanquished.

Grand Total: 324 creatures vanquished

Notes
Turn   | Place    | Note
-------+----------+-------------------------------------------
     0 | D:1      | Grabarz the Hill Orc Berserker began the quest for the Orb.
     0 | D:1      | Reached XP level 1. HP: 19/19 MP: 1/1
     1 | D:1      | Found a runed translucent door.
   770 | D:1      | Reached skill level 4 in Fighting
   770 | D:1      | Reached XP level 2. HP: 27/27 MP: 2/2
  1090 | D:1      | Reached XP level 3. HP: 17/33 MP: 3/3
  1098 | D:1      | Reached ** piety under Trog
  1944 | D:2      | Reached XP level 4. HP: 40/41 MP: 4/4
  2878 | D:3      | Reached skill level 5 in Fighting
  2951 | D:3      | Reached XP level 5. HP: 47/48 MP: 5/5
  2978 | D:3      | Noticed Natasha
  3072 | D:3      | Killed Natasha
  3129 | D:3      | Noticed Ijyb
  3132 | D:3      | Noticed Natasha
  3139 | D:3      | Killed Ijyb
  3142 | D:3      | Killed Natasha
  3143 | D:3      | Reached skill level 5 in Long Blades
  3273 | D:3      | Found a faded altar of an unknown god.
  3315 | D:3      | Noticed Natasha
  3319 | D:3      | Killed Natasha
  3320 | D:3      | Reached XP level 6. HP: 56/56 MP: 6/6
  3396 | D:3      | Reached *** piety under Trog
  3436 | D:3      | Found a runed translucent door.
  3437 | D:3      | Noticed Crazy Yiuf
  3445 | D:3      | Killed Crazy Yiuf
  3830 | D:4      | Found Zin's Purification Station.
  3906 | D:4      | Reached skill level 6 in Fighting
  3944 | D:4      | Found a glowing silver altar of Zin.
  4250 | D:4      | Found a glowing drain.
  4261 | Sewer    | Entered a sewer
  4379 | Sewer    | Reached XP level 7. HP: 63/63 MP: 7/7
  4583 | Sewer    | Reached **** piety under Trog
  4693 | Sewer    | Reached skill level 5 in Armour
  5221 | D:5      | Entered Level 5 of the Dungeon
  5275 | D:5      | Reached skill level 7 in Fighting
  5393 | D:5      | Reached XP level 8. HP: 73/73 MP: 8/8
  5787 | D:5      | Reached ***** piety under Trog
  5910 | D:5      | Reached skill level 8 in Fighting
  6217 | D:5      | Found a stormy altar of Qazlal.
  6219 | D:5      | Noticed a water elemental
  6220 | D:5      | Noticed an air elemental
  6312 | D:5      | Identified a scroll of acquirement
  6312 | D:5      | Acquired a +3 vorpal great sword
  6519 | D:6      | Found a transporter.
  6525 | D:6      | Noticed a gargoyle
  6548 | D:6      | Found a transporter.
  6712 | D:6      | Found an ancient bone altar of Kikubaaqudgha.
  6994 | D:6      | Identified the +12 quarterstaff "Kurphenn" {spect, rCorr}
  7023 | D:6      | Reached XP level 9. HP: 82/82 MP: 9/9
  7489 | D:6      | Reached skill level 9 in Fighting
  7555 | D:6      | Killed a gargoyle
  7777 | D:7      | Noticed Menkaure
  7784 | D:7      | Killed Menkaure
  7870 | D:7      | Found a staircase to the Ecumenical Temple.
  7886 | D:7      | Found Iczogou's Armour Emporium.
  7894 | D:7      | Identified the +1 robe of Sloth {rN+ Regen+ Int+2}
  7970 | Temple   | Entered the Ecumenical Temple
  8223 | D:7      | Found a broken altar of Ashenzari.
  8478 | D:7      | Found a sacrificial altar of Ru.
  8577 | D:7      | Found a white marble altar of Elyvilon.
  8794 | D:8      | Found Pioluu's General Store.
  9147 | D:8      | Reached skill level 10 in Fighting
  9414 | D:8      | Reached XP level 10. HP: 78/93 MP: 10/10
  9432 | D:8      | HP: 4/93 [wyvern (17)]
  9857 | D:9      | Reached skill level 10 in Long Blades
 10034 | D:9      | Found Kuh Pokh's Assorted Antiques.
 10101 | D:9      | Noticed Erolcha
 10109 | D:9      | Killed Erolcha
 10524 | D:9      | Paralysed by a hornet for 1 turns
 10929 | D:10     | Entered Level 10 of the Dungeon
 10983 | D:10     | Noticed a two-headed ogre
 10990 | D:10     | Killed a two-headed ogre
 10991 | D:10     | Reached skill level 11 in Fighting
 10991 | D:10     | Reached skill level 10 in Armour
 11117 | D:10     | Noticed a gargoyle
 11129 | D:10     | Killed a gargoyle
 11326 | D:10     | Noticed a gargoyle
 11339 | D:10     | Noticed Grum
 11342 | D:10     | Killed a gargoyle
 11343 | D:10     | Reached XP level 11. HP: 90/102 MP: 11/11
 11344 | D:10     | Killed Grum
 11391 | D:10     | Found a portal to a secret trove of treasure.
 11974 | D:11     | Found a one-way gate to the infinite horrors of the Abyss.
 11974 | D:11     | Identified the +10 dagger of the Demagogue {distort, *Slow
                  | rPois rC+ MP+9}
 12050 | D:11     | Found a staircase to the Lair.
 12474 | D:11     | Noticed a two-headed ogre
 12482 | D:11     | Killed a two-headed ogre
 12972 | D:11     | Found a large runed translucent door.
 12972 | D:11     | Found a large runed translucent door.
 12972 | D:11     | Found a corrupted altar of Lugonu.
 12972 | D:11     | Noticed a brown ugly thing
 12972 | D:11     | Noticed a cyan ugly thing
 12972 | D:11     | Noticed a red ugly thing
 12972 | D:11     | Noticed a brown ugly thing
 13064 | D:11     | Reached skill level 12 in Fighting
 13069 | D:11     | Killed a red ugly thing
 13071 | D:11     | Killed a brown ugly thing
 13072 | D:11     | Killed a brown ugly thing
 13077 | D:11     | Killed a cyan ugly thing
 13336 | Lair:1   | Entered Level 1 of the Lair of Beasts
 13482 | Lair:1   | Noticed a four-headed hydra
 13497 | Lair:1   | Killed a five-headed hydra
 13949 | Lair:1   | Reached XP level 12. HP: 24/113 MP: 12/12
 15172 | Lair:2   | Reached skill level 13 in Fighting
 15326 | Lair:2   | HP: 5/115 [poisoned by a cane toad]
 15327 | Lair:2   | Succumbed to a cane toad's poison

Illustrated notes

Levels and vault maps discovered:
D:1:      dpeg_arrival_caged_fury, layout_basic, grunt_decor_fettered
D:2:      layout_basic, serial_aquarium, aquarium_bridge_long_separate
          [aquarium_subvault_window, aquarium_subvault_bridge,
          aquarium_subvault_wall, aquarium_subvault_wall,
          aquarium_subvault_bridge, aquarium_subvault_bridge],
          aquarium_bridge_straight [aquarium_subvault_bridge,
          aquarium_subvault_window, aquarium_subvault_bridge,
          aquarium_subvault_wall], aquarium_window_corridor_3,
          aquarium_window_1, aquarium_window_corner, aquarium_view_2f,
          aquarium_balcony_double_4, hangedman_decor_push
D:3:      layout_rooms, ebering_ecumenical_altar_box, uniq_crazy_yiuf_cottage,
          uniq_ijyb, uniq_natasha
D:4:      layout_rooms, zin_purify, gup_sewer_entry_pipe
D:5:      layout_cave_pods, nicolae_qazlal_style_of_elements
D:6:      layout_rooms, gammafunk_temple_overflow_arena
D:7:      layout_loops_ring, pf_just_have_faith, lemuel_coloured_pillars_altar,
          nicolae_elyvilon_peaceful_grove, minmay_temple_entry_offerings,
          serial_shops, shop, minmay_misc_feat_more_columns,
          minmay_gold_behind_fungi, uniq_menkaure
D:8:      layout_loops_corners, minmay_curled_crystal,
          nicolae_inconvenience_store
D:9:      layout_irregular_city, serial_shops, nicolae_shop_behind_doors,
          uniq_erolcha
D:10:     layout_loops_cross, enter_trove_0, uniq_grum
D:11:     due_chaos_kobolds, layout_stronghold, grunt_lair_entry_orc_guard_hut
Temple:   eino_temple_rhombus
Lair:1:   layout_hall_layers, infiniplex_staircase_pool
Lair:2:   layout_roguey, dummy_spider_entry, minivault_26,
          grunt_forest_large_clearings

Skill      XL: |  1  2  3  4  5  6  7  8  9 10 11 12 |
---------------+-------------------------------------+-----
Fighting       | 4 5 6 7 8 10 11 12 13 | 13.0
Long Blades    | 4 5 6 8 9 11 12 | 12.6
Armour         | 3 4 5 6 8 10 12 | 12.7
Dodging        | |  1.5

Action                   |  1- 3 |  4- 6 |  7- 9 | 10-12 || total
-------------------------+-------+-------+-------+-------++-------
Melee: Falchion          |    75 |   129 |   123 |       ||   327
       Great sword       |       |       |    98 |   230 ||   328
Invok: Berserk           |    11 |    14 |    25 |    28 ||    78
       Trog's Hand       |     1 |       |       |     1 ||     2
       Brothers in Arms  |       |       |       |     5 ||     5
  Use: Scroll            |     2 |     3 |    10 |     4 ||    19
       Potion            |     1 |     4 |     4 |     4 ||    13
Armor: Animal skin       |    13 |    21 |    68 |       ||   102
       Robe              |       |       |    22 |    35 ||    57
       Acid dragon scale |       |       |       |    27 ||    27
Dodge: Dodged            |    34 |    45 |   129 |   239 ||   447
       Rpst.: Falchion   |    13 |    15 |    17 |       ||    45
       Great sword       |       |       |    20 |    70 ||    90
